 Dungeon Crawl Stone Soup version 0.28.0-45-g0d030f2227 (webtiles) character file.

Game seed: 2471033900743800111

45 101zpm the Chiller (level 3, -1/24 HPs)
             Began as a Human Ice Elementalist on Apr 12, 2022.
             Slain by an adder (4 damage)
             ... on level 3 of the Dungeon.
             The game lasted 00:03:57 (2577 turns).

101zpm the Chiller (Human Ice Elementalist)         Turns: 2577, Time: 00:03:58

Health: -1/24      AC:  2    Str:  8    XL:     3   Next: 90%
Magic:  6/6        EV: 12    Int: 17    God:
Gold:   62         SH:  0    Dex: 13    Spells: 6/7 levels left

rFire   . . .      SeeInvis .   g - +2 short sword (drain)
rCold   . . .      Faith    .   (no shield)
rNeg    . . .      Spirit   .   a - +0 robe
rPois   .          Reflect  .   (no helmet)
rElec   .          Harm     .   (no cloak)
rCorr   .          Rampage  .   (no gloves)
Will    .....                   (no boots)
Stlth   ++........              (no amulet)
HPRegen 0.08/turn               (no ring)
MPRegen 0.10/turn               (no ring)

@: no status effects
A: no striking features
a: no special abilities


You were on level 3 of the Dungeon.
You visited 1 branch of the dungeon, and saw 4 of its levels.

You collected 62 gold pieces.

Inventory:

Hand Weapons
 g - a +2 short sword of draining (weapon)
Missiles
 d - 3 javelins
 k - 18 arrows
 l - 35 stones
 m - 10 sling bullets
Armour
 a - a +0 robe (worn)
Scrolls
 b - a scroll of noise {unknown}
 f - 3 scrolls of identify {unknown}
 h - a scroll of magic mapping {unknown}
 i - a scroll of vulnerability {unknown}
Potions
 c - 2 potions of ambrosia {unknown}
 e - a potion of heal wounds {unknown}
 j - a potion of curing {unknown}


   Skills:
 + Level 0.2 Fighting
 + Level 0.2 Short Blades
 + Level 2.2 Dodging
 + Level 2.2 Stealth
 + Level 2.5 Spellcasting
 + Level 4.6 Ice Magic


You had 6 spell levels left.
You knew the following spells:

 Your Spells              Type           Power      Damage    Failure   Level
a - Freeze                Ice            68%        1d8       2%          1

Your spell library contained the following spells:

 Spells                   Type           Power      Damage    Failure   Level
 Frozen Ramparts          Ice            34%        1d5       9%          3
 Ozocubu's Armour         Ice            17%        N/A       9%          3
 Hailstorm                Conj/Ice       10%        3d5       56%         4


Dungeon Overview and Level Annotations

Branches:
Dungeon (4/15)
 Temple: D:4-7

Altars:

Shops:
D:4 *


Message History

There is an escape hatch in the floor here.
There is an open door here.
There is an open door here.
There is an open door here.
You see here 18 arrows.
k - 18 arrows
There are no items here.
Search for what [Enter for "."]? .
You see here 21 stones.
l - 21 stones
l - 22 stones (gained 1)
You see here a +0 whip.
l - 35 stones (gained 13) Done exploring.
Search for what [Enter for "."]? ..
You see here 10 sling bullets.
m - 10 sling bullets Search for what [Enter for "..", or ? for help]? .
(D) Dungeon
Where to? (Enter - D:1 @ (x,y), ? - help)
What level of the Dungeon? (default 1, ? - help)
There is an escape hatch in the floor here.
You slide downwards.
The hatch slams shut behind you.
There is a stone staircase leading down here.
You climb downwards.
There is a stone staircase leading up here.
There is a stone staircase leading down here.
You climb downwards.
The adder bites you. The sky beast barely misses you. The adder misses you.
There is a stone staircase leading up here.
The adder barely misses you. The sky beast hits you. The sky beast shocks you.
You climb upwards.
There is a stone staircase leading down here.
The adder misses you. The adder bites you but does no damage.
The sky beast hits you.
* * * LOW HITPOINT WARNING * * *
The sky beast shocks you.
* * * LOW HITPOINT WARNING * * *
The adder bites you.
You die...

..... #. .....
#.# ...... #.#
......
#.####+##......
#.##...........
#.##...........
#....S@<.......
#....Y.........
#>.............
+........###...
#.....#..## ..
##.........+ .
#........###
#.....(...# ...
#.........##....
....


You could see a sky beast and an adder.

Vanquished Creatures
  2 ball pythons (D:1)
  7 endoplasms
  A giant cockroach (D:3)
  5 goblins (D:1)
  5 hobgoblins (D:1)
  3 jackals (D:2)
  3 quokkas (D:1)
  5 bats
  2 frilled lizards (D:1)
  2 kobolds (D:1)
  2 rats
37 creatures vanquished.

Notes
Turn   | Place    | Note
-------+----------+-------------------------------------------
     0 | D:1      | 101zpm the Human Ice Elementalist began the quest for the
                  | Orb.
     0 | D:1      | Reached XP level 1. HP: 13/13 MP: 3/3
    32 | D:4      | Noticed a sky beast
    32 | D:4      | Found Moray's General Store.
   120 | D:2      | Reached XP level 2. HP: 8/19 MP: 0/5
  1159 | D:1      | Found a faded altar of an unknown god.
  1169 | D:1      | Reached XP level 3. HP: 18/22 MP: 6/6
  2577 | D:3      | Slain by an adder

Illustrated notes

Levels and vault maps discovered:
D:1:      dpeg_arrival_connections, layout_loops_ring,
          hellmonk_ecumenical_altar_arch_garden, minmay_pentomino_u4
D:2:      layout_basic, kennysheep_nub
D:3:      layout_basic
D:4:      layout_rooms, serial_shops, shop_coins, uniq_robin, uniq_eustachio

Action                   || total
-------------------------++-------
Melee: Unarmed           ||    14
       Short sword       ||    42
 Cast: Freeze            ||    24
 Stab: Sleeping          ||     7
Armor: Robe              ||     9
Dodge: Dodged            ||    58
